 Dungeon Crawl Stone Soup version 0.14.2 (webtiles) character file.

226 FluffyCthulhu the Stinger (level 4, -5/34 HPs)
             Began as a Draconian Venom Mage on Aug 29, 2016.
             Killed from afar by an orc wizard (8 damage)
             ... with a magic dart
             ... on Level 4 of the Dungeon.
             The game lasted 00:52:29 (3813 turns).

FluffyCthulhu the Stinger (Draconian Venom Mage)    Turns: 3813, Time: 00:52:29

HP  -5/34        AC  6     Str 10      XL: 4   Next: 70%
MP   8/8         EV 12     Int 17      God:
Gold 110         SH  0     Dex 11      Spells:  2 memorised,  4 levels left

rFire  . . .     SeeInvis .     l - +0,+2 dagger
rCold  . . .     Clarity  .     (armour unavailable)
rNeg   . . .     Conserve .     (no shield)
rPois  .         rCorr    .     (helmet restricted)
rElec  .         rRot     .     d - +0 cloak
SustAb . .       Spirit   .     (no gloves)
rMut   .         Warding  .     (no boots)
Saprov . . .     Stasis   .     (no amulet)
MR     .....                    (no ring)
                                (no ring)

@: not resistant to hostile enchantments, unstealthy
A: unfitting armour, AC +5
a: no special abilities


You were on level 4 of the Dungeon.
You were not hungry.

You visited 1 branch of the dungeon, and saw 4 of its levels.

You collected 110 gold pieces.

Inventory:

Hand weapons
 l - a +0,+2 dagger (weapon)
 n - a +0,+1 sling
 p - a +0,+0 short sword
Missiles
 e - 14 darts of frost
 h - 4 steel darts
 i - 18 bolts
 j - 31 arrows
 k - 8 darts
 q - 31 stones
 t - 5 needles of confusion (quivered)
Armour
 d - a +0 cloak (worn)
Comestibles
 c - 2 bread rations
 f - a pear
Scrolls
 a - a scroll of enchant weapon I {unknown}
 g - a scroll of magic mapping
 m - a scroll of enchant weapon II
 r - a scroll of identify {unknown}
Potions
 s - a potion of restore abilities {unknown}
Books
 b - a Young Poisoner's Handbook

   Spells                             Type                      Level
   *Sting                             Conjuration/Poison           1
   *Cure Poison                       Poison                       2
   Mephitic Cloud                     Conjuration/Poison/Air       3
   Olgreb's Toxic Radiance            Poison                       4
   Venom Bolt                         Conjuration/Poison           5


   Skills:
 + Level 0.7 Fighting
 + Level 0.8 Short Blades
 + Level 0.3 Throwing
 + Level 3.0 Dodging
 + Level 2.1 Stealth
 + Level 2.3 Spellcasting
 + Level 0.2 Conjurations
 + Level 4.7 Poison Magic


You had 4 spell levels left.
You knew the following spells:

 Your Spells              Type           Power        Failure   Level  Hunger
a - Sting                 Conj/Pois      ##..         10%         1    #......
b - Cure Poison           Pois           ###.......   4%          2    ##.....


Dungeon Overview and Level Annotations

Branches:
Dungeon (4/15)
 Temple: D:4-7

Altars:
Ashenzari


Message History

The dart hits you! The ogre misses you.
You see here a dart.
The orc hits you but does no damage.
The kobold throws a dart.
The dart hits you! The orc wizard casts a spell at you.
The puff of frost hits you!
Your potion of lignification freezes and shatters!
* * * LOW HITPOINT WARNING * * *
The ogre misses you. The phantom hits you.
* * * LOW HITPOINT WARNING * * *
The phantom blinks!
You see here a dart.
Quivering
t - 5 needles of confusion for throwing.
The orc closely misses you.
You see here a dart.
The ogre closely misses you. The orc hits you with a trident.
* * * LOW HITPOINT WARNING * * *
The orc wizard casts a spell at you. The magic dart hits you!
You die...

.# ##..###### .#
#........# # .#
####.#......##.#
.#####..............#
..........#......####
.#####.#.........# .#
#.#.#######'#######
.#####.#.#.............#
.........#.....o@O.....#
.......#.#......((w.?..#
########.#....p≈≈§§....#
#.#.....o≈?.....#
#......§......#
+..§§§≈#≈≈≈§..+
.....K≈§..%..#
....§≈§.§... ..≈§§§§§§.


You could see a phantom, a worm, an ogre, an orc wizard, an orc and a kobold.

Vanquished Creatures
  An orc priest (D:3)
  An adder (D:3)
  A giant mite (D:3)
  A worm (D:2)
  A giant gecko (D:2)
  5 orcs (D:3)
  6 giant cockroaches
  9 goblins
  6 hobgoblins
  2 jackals (D:1)
  8 kobolds
  A quokka (D:2)
  8 bats
  3 giant newts
  8 rats
61 creatures vanquished.

Notes
Turn   | Place    | Note
--------------------------------------------------------------
     0 | D:1      | FluffyCthulhu, the Draconian Venom Mage, began the quest for the Orb.
     0 | D:1      | Reached XP level 1. HP: 14/14 MP: 3/3
   458 | D:1      | Reached XP level 2. HP: 20/20 MP: 2/4
  1005 | D:1      | Reached XP level 3. HP: 20/26 MP: 6/6
  1425 | D:2      | Paralysed by a potion of paralysis for 3 turns
  2320 | D:3      | Learned a level 2 spell: Cure Poison
  2382 | D:3      | Found a shattered altar of Ashenzari.
  2854 | D:3      | Reached XP level 4. HP: 32/34 MP: 7/7
  3663 | D:4      | Noticed a phantom
  3803 | D:4      | Noticed an ogre
  3813 | D:4      | Killed from afar by an orc wizard

Action                   |  1- 3 |  4- 6 || total
-------------------------+-------+-------++-------
Melee: Unarmed           |     8 |       ||     8
       Dagger            |   169 |    54 ||   223
 Fire: Sling             |       |     1 ||     1
Throw: Stone             |    24 |       ||    24
       Dart              |       |     1 ||     1
 Cast: Sting             |    35 |     4 ||    39
       Cure Poison       |       |     1 ||     1
  Use: Scroll            |     8 |       ||     8
       Potion            |     7 |       ||     7
